 Dungeon Crawl Stone Soup version 0.30-a0-242-g7bf8e6d787 (webtiles) character file.

Game seed: 8270837537075087001

48 IdlyInterested the Cudgeller (level 3, -1/28 HPs)
             Began as a Demonspawn Wanderer on Oct 11, 2022.
             Slain by Natasha (4 damage)
             ... on level 3 of the Dungeon.
             The game lasted 00:03:23 (1894 turns).

IdlyInterested the Cudgeller (Demonspawn Wanderer)  Turns: 1894, Time: 00:03:24

Health: -1/28      AC:  6    Str: 12 (15) XL:     3   Next: 50%
Magic:  0/4        EV:  9    Int:  9 (10) God:
Gold:   93         SH:  0    Dex: 13 (14) Spells: 3/4 levels left

rFire   . . .      SeeInvis .    a - +2 mace
rCold   . . .      Faith    .    (no shield)
rNeg    . . .      Spirit   +    b - +0 scale mail
rPois   .          Reflect  .    (no helmet)
rElec   .          Harm     .    (no cloak)
rCorr   .          Rampage  .    (no gloves)
Will    .....                    (no boots)
Stlth   ..........               g - amulet of guardian spirit
HPRegen 0.24/turn                (no ring)
MPRegen 0.09/turn                (no ring)

@: slowed, invisible, very slow
A: powered by pain 1, weakness stinger 1
a: no special abilities


You were on level 3 of the Dungeon.
You visited 1 branch of the dungeon, and saw 3 of its levels.

You collected 93 gold pieces.

Inventory:

Hand Weapons
 a - a +2 mace (weapon)
Missiles
 d - 24 stones (quivered)
 n - 6 poisoned darts
Armour
 b - a +0 scale mail (worn)
 i - a +0 ring mail
Magical Staves
 h - a staff of cold
Jewellery
 g - an amulet of guardian spirit (around neck)
 k - an amulet of the acrobat
Scrolls
 c - a scroll of butterflies
 e - 2 scrolls of teleportation {unknown}
 l - a scroll of summoning {unknown}
Potions
 j - a potion of degeneration


   Skills:
 * Level 2.6 Fighting
 - Level 3.6 Maces & Flails
 - Level 1.0 Throwing
 + Level 1.5 Armour
 - Level 1.0 Dodging
 - Level 1.0 Stealth
 - Level 1.0 Spellcasting
 - Level 1.0 Translocations
 - Level 1.0 Evocations


You had 3 spell levels left.
You knew the following spells:

 Your Spells              Type           Power      Damage    Failure   Level
a - Apportation           Tloc           4%         N/A       77%         1

Your spell library contained the following spells:

 Spells                   Type           Power      Damage    Failure   Level
 Portal Projectile        Hex/Tloc       2%         N/A       99%         3


Dungeon Overview and Level Annotations

Branches:
Dungeon (3/15)

Altars:
Dithmenos

Annotations:
D:3 Natasha


Innate Abilities, Weirdness & Mutations

You sometimes gain a little power by taking damage.
You have a small tail.


Message History

The puff of flame misses you.
You hit something but do no damage. You tail-slap something.
Something hits you but does no damage.
You miss something. Something hits you. x2
Natasha hisses angrily.
You hit something. Something hits you.
You miss something.
Natasha howls an incantation.
Natasha's front paws start to glow.
Something hits you. Natasha casts a spell at you. The magic dart hits you.
* * * LOW HITPOINT WARNING * * *
You feel better. Something hits you.
It was a potion of degeneration.
There was something very wrong with that liquid.
You feel weakened.
You feel dopey.
You feel clumsy. Something hits you.
It was a potion of invisibility.
You fade into invisibility!
Something hits you.
You miss Natasha.
Your tail-slap misses Natasha.
Natasha mewls in sadness.
Natasha claws you.
* * * LOW HITPOINT WARNING * * *
Something hits you.
* * * LOW HITPOINT WARNING * * *
Natasha barely misses you.
You hit Natasha.
Natasha is lightly wounded.
You hear some strange, mumbled words.
A magic dart appears from out of thin air!
The magic dart hits you.
* * * LOW HITPOINT WARNING * * *
Natasha casts a spell at you.
You feel yourself slow down.
You hit Natasha.
Natasha is moderately wounded.
Something hits you but does no damage. Natasha claws you.
You die...

#.# ####.# #.
##'#### .. #.....#
#. #.....# #.
#.....#
#.######.....# .
#.#....'.....#
....##)#{####.....#
......h@.).##.....#
#....#####.##.....#
#.. #..#.....# #
##..###### ##.# #.#
~.~ ##~. ~..


You could see Natasha.

Vanquished Creatures
  2 dart slugs (D:1)
  4 orcs (D:3)
  2 ball pythons (D:1)
  2 endoplasms
  A giant cockroach (D:2)
  2 hobgoblins
  8 jackals
  2 bats (D:1)
  2 frilled lizards
  5 goblins (D:1)
  5 kobolds
  2 rats (D:1)
37 creatures vanquished.

Vanquished Creatures (others)
  5 toadstools (D:2)
5 creatures vanquished.

Grand Total: 42 creatures vanquished

Notes
Turn   | Place    | Note
-------+----------+-------------------------------------------
     0 | D:1      | IdlyInterested the Demonspawn Wanderer began the quest for
                  | the Orb.
     0 | D:1      | IdlyInterested set off with the following items: a +2 mace,
                  | a +0 scale mail, a scroll of butterflies; and the following
                  | spell memorised: Apportation; and the following spells
                  | available to memorise: Portal Projectile.
     0 | D:1      | Reached XP level 1. HP: 13/13 MP: 2/2
   118 | D:1      | Reached skill level 1 in Fighting
   222 | D:1      | Gained mutation: You sometimes gain a little power by
                  | taking damage. [demonic ancestry]
   222 | D:1      | Reached XP level 2. HP: 21/21 MP: 3/3
   249 | D:1      | Reached skill level 1 in Evocations
   823 | D:1      | Gained mutation: You have a small tail. [demonic ancestry]
   823 | D:1      | Reached XP level 3. HP: 27/27 MP: 4/4
  1447 | D:2      | Found a shadowy altar of Dithmenos.
  1847 | D:2      | You fall into a shaft and drop 1 floor!
  1881 | D:3      | Noticed Natasha
  1894 | D:3      | Slain by Natasha

Illustrated notes

Levels and vault maps discovered:
D:1:      dpeg_arrival_subterranean_lakeside_camping, layout_basic
D:2:      cheibrodos_fertilizer, layout_loops_corners, basic_altar,
          minmay_misc_feat_ornament, small_statue_intersection
D:3:      layout_basic, mainiacjoe_overflow_concentric_impassable,
          dreamdust_ecumenical_altar_drowned_temple, minmay_ruptured,
          uniq_crazy_yiuf_cottage, uniq_natasha

Skill      XL: |  1  2 |
---------------+-------+-----
Fighting       | 1 2 |  2.6
Evocations     | 1 |  1.0
Maces & Flails | |  3.6
Throwing       | |  1.0
Armour         | |  1.5
Dodging        | |  1.0
Stealth        | |  1.0
Spellcasting   | |  1.0
Translocations | |  1.0

Action                   || total
-------------------------++-------
Melee: Mace              ||    95
       Tailslap          ||     3
  Use: Potion            ||     4
       Scroll            ||     2
Armor: Scale mail        ||    51
Dodge: Dodged            ||    37

Table legend: (Time is in decaauts)
 A = Elapsed time spent in this place.
 B = Non-inter-level travel time spent in this place.
 C = Inter-level travel time spent in this place.
 D = Time resting spent in this place.
 E = Time spent auto-exploring this place.
 F = Levels seen in this place.
 G = Mean time per level.
                   A        B        C        D        E       F      G
               +--------+--------+--------+--------+--------+-----+--------+
         Total |   1915 |   1690 |    225 |     59 |   1318 |   3 |  638.3 |
       Dungeon |   1915 |   1690 |    225 |     59 |   1318 |   3 |  638.3 |
               +--------+--------+--------+--------+--------+-----+--------+

Top non-repeatable levels by time:
     D:1: 1074 daAuts
     D:2: 791 daAuts
     D:3: 50 daAuts
